 Dungeon Crawl Stone Soup version 0.28-a0-1510-gd0f6b136d3 (webtiles) character file.

Game seed: 12897236008697485117

9350 Anon1729 the Cleaver (level 11, -1/101 HPs)
             Began as a Minotaur Monk on Jan 14, 2022.
             Was a Priest of Fedhas.
             Slain by a troll (10 damage)
             ... on level 11 of the Dungeon.
             The game lasted 00:17:55 (14725 turns).

Anon1729 the Cleaver (Minotaur Monk)               Turns: 14725, Time: 00:17:55

Health: -1/101     AC: 12    Str: 25    XL:     11   Next: 21%
Magic:  13/13      EV:  9    Int:  7    God:    Fedhas [***...]
Gold:   465        SH:  0    Dex: 12    Spells: 10/10 levels left

rFire   . . .      SeeInvis .   b - +3 battleaxe
rCold   . . .      Faith    .   (shield currently unavailable)
rNeg    + . .      Spirit   .   D - +0 plate armour
rPois   .          Reflect  .   (helmet restricted)
rElec   .          Harm     .   k - +1 cloak
rCorr   .          Rampage  .   (no gloves)
Will    .....                   (no boots)
Stlth   ..........              (no amulet)
HPRegen 0.26/turn               h - +6 ring of strength
MPRegen 0.13/turn               x - ring of positive energy

@: no status effects
A: horns 2, retaliatory headbutt, clumsy 1, wild magic 1
a: Renounce Religion, Wall of Briars, Grow Ballistomycete


You were on level 11 of the Dungeon.
You worshipped Fedhas.
Fedhas was most pleased with you.
You visited 2 branches of the dungeon, and saw 12 of its levels.

You collected 465 gold pieces.

Inventory:

Hand Weapons
 a - a +0 hand axe
 b - a +3 battleaxe (weapon)
Missiles
 m - 4 throwing nets (quivered)
Armour
 k - a +1 cloak (worn)
 l - a +2 leather armour of fire resistance
 u - +0 steam dragon scales
 v - a +2 buckler
 D - a +0 plate armour (worn)
Jewellery
 h - a +6 ring of strength (left hand)
 p - a ring of protection from cold
 x - a ring of positive energy (right hand)
 E - an amulet of the acrobat
Wands
 e - a wand of flame (5)
 B - a wand of iceblast (2)
 C - a wand of charming (8)
Scrolls
 c - 3 scrolls of enchant weapon {unknown}
 d - a scroll of brand weapon {unknown}
 f - 4 scrolls of teleportation
 g - 3 scrolls of noise {unknown}
 i - 4 scrolls of enchant armour {unknown}
 n - 6 scrolls of identify {unknown}
 q - a scroll of fear {unknown}
 r - a scroll of fog {unknown}
 t - 4 scrolls of vulnerability {unknown}
 y - a scroll of amnesia {unknown}
 z - a scroll of immolation {unknown}
 A - a scroll of holy word {unknown}
Potions
 j - 2 potions of mutation
 o - a potion of lignification
 s - 2 potions of magic {unknown}
 w - a potion of heal wounds


   Skills:
 + Level 10.6 Fighting
 + Level 10.7 Axes
 + Level 9.9 Dodging
 + Level 7.8 Stealth
 * Level 5.2 Invocations


You had 10 spell levels left.
You didn't know any spells.
Your spell library contained the following spells:

 Spells                   Type           Power      Damage    Failure   Level
 Gell's Gravitas          Tloc           0%         N/A       100%        3
 Ignite Poison            Fire/Tmut/Pois 0%         N/A       100%        3
 Lesser Beckoning         Tloc           0%         N/A       100%        3
 Mephitic Cloud           Conj/Pois/Air  0%         N/A       100%        3
 Teleport Other           Tloc           0%         N/A       100%        3
 Blade Hands              Tmut           0%         N/A       100%        5
 Freezing Cloud           Conj/Ice/Air   0%         6-21      100%        5
 Irradiate                Conj/Tmut      0%         3d13      100%        5
 Dragon Form              Tmut           0%         N/A       100%        7


Dungeon Overview and Level Annotations

Branches:
Dungeon (11/15)            Temple (1/1) D:6             Orc (0/2) D:11
   Lair: D:8-11

Altars:
Ashenzari
Cheibriados
Dithmenos
Elyvilon
Fedhas
Gozag
Hepliaklqana
Kikubaaqudgha
Makhleb
Nemelex Xobeh
Okawaru
Qazlal
Ru
Sif Muna
Trog
Uskayaw
Vehumet
Wu Jian
Xom
Yredelemnul
Zin
The Shining One


Innate Abilities, Weirdness & Mutations

You have a pair of horns on your head.
You reflexively headbutt those who attack you in melee.
You are clumsy. (Dex -2)
Your spells are a little harder to cast, but a little more powerful.


Message History

The troll is heavily wounded.
The troll bites you! The troll claws you but does no damage.
The troll claws you.
You barely miss the troll. You headbutt the troll!
The troll is severely wounded.
The troll barely misses you. The troll claws you!
The troll claws you but does no damage.
You closely miss the troll. Your headbutt misses the troll.
The troll is severely wounded.
The troll bites you. The troll claws you but does no damage.
The troll barely misses you.
You closely miss the troll.
The troll is severely wounded.
The troll bites you! The troll claws you but does no damage.
The troll claws you! The troll bites you! The troll claws you!
* * * LOW HITPOINT WARNING * * *
The troll claws you!
* * * LOW HITPOINT WARNING * * *
You are too injured to fight recklessly!
You are too injured to fight recklessly!
You are too injured to fight recklessly!
You are too injured to fight recklessly!
You are too injured to fight recklessly!
You are too injured to fight recklessly!
You are too injured to fight recklessly!
You are too injured to fight recklessly!
You are too injured to fight recklessly!
A troll is nearby!
You hit the troll but do no damage. Your headbutt misses the troll.
The troll is severely wounded.
The troll barely misses you. x2; The troll closely misses you.
You hit the troll. You headbutt the troll!
The troll is almost dead.
The troll bites you.
* * * LOW HITPOINT WARNING * * *
The troll claws you!
* * * LOW HITPOINT WARNING * * *
The troll claws you!
You die...
Fedhas appreciates your contribution to the ecosystem.

.......................
[......................
....>....##............
..###+..##..........>.
. #...................
#...................
#.##...##........###
#####...##........)..
+...@................
#..T........##.......
#...........##....##.
#(..#.............##.
##.##................
#. ##..##...######.. #.
...#...'....#.. #.
...+...#....#..
#...#....#..


You could see a troll.

Vanquished Creatures
  3 two-headed ogres
  Pikel (D:5)
  Maggie (D:8)
  Psyche (D:10)
  A troll (D:8)
  2 wyverns
  A vampire (D:10)
  3 yaks (D:9)
  A human (D:11)
  2 steam dragons
  A warg (D:11)
  2 water moccasins (D:6)
  3 orc warriors
  A black bear (D:6)
  A sky beast (D:7)
  2 necrophages
  3 ice beasts
  7 centaurs
  3 ogres
  A phantom (D:6)
  3 lemures
  A kobold brigand (D:9)
  5 bullfrogs
  A wyvern zombie (D:9)
  2 scorpions
  2 water moccasin zombies
  3 killer bees (D:9)
  17 wights
  3 centaur zombies
  2 bullfrog zombies
  2 centaur skeletons
  A bullfrog skeleton (D:5)
  A gnoll shaman (D:7)
  A jelly (D:4)
  5 orc priests
  Ijyb (D:3)
  6 orc wizards
  3 iguanas
  2 howler monkey zombies (D:9)
  4 adders
  11 gnolls
  A howler monkey skeleton (D:6)
  A white imp (D:6)
  6 worms
  4 dart slugs
  33 orcs
  4 endoplasms
  8 goblins
  3 hobgoblins (D:1)
  4 jackals (D:5)
  11 kobolds
  4 quokkas
  8 ball pythons
  2 bats
  3 frilled lizards
  9 rats
217 creatures vanquished.

Vanquished Creatures (others)
  3 plants (D:6)
3 creatures vanquished.

Grand Total: 220 creatures vanquished

Notes
Turn   | Place    | Note
-------+----------+-------------------------------------------
     0 | D:1      | Anon1729 the Minotaur Monk began the quest for the Orb.
     0 | D:1      | Reached XP level 1. HP: 19/19 MP: 0/0
    66 | D:1      | Reached XP level 2. HP: 24/27 MP: 1/1
   565 | D:1      | Reached XP level 3. HP: 28/33 MP: 2/2
   778 | D:2      | Found an ancient bone altar of Kikubaaqudgha.
  1785 | D:3      | Reached XP level 4. HP: 14/41 MP: 3/3
  2180 | D:3      | Noticed Ijyb
  2396 | D:3      | Gained mutation: Your spells are a little harder to cast,
                  | but a little more powerful. [potion of mutation]
  2396 | D:3      | Gained mutation: You are clumsy. (Dex -2) [potion of
                  | mutation]
  2401 | D:3      | Killed Ijyb
  2402 | D:3      | Reached XP level 5. HP: 12/47 MP: 4/4
  3504 | D:4      | Reached skill level 5 in Fighting
  3504 | D:4      | Reached skill level 5 in Axes
  3584 | D:4      | Reached XP level 6. HP: 52/56 MP: 5/5
  3978 | D:4      | Found a sparkling altar of Nemelex Xobeh.
  4268 | D:5      | Entered Level 5 of the Dungeon
  4275 | D:5      | Reached skill level 5 in Dodging
  4319 | D:5      | HP: 2/56 [dart slug/slug dart (6)]
  4692 | D:5      | Reached XP level 7. HP: 44/62 MP: 6/6
  5581 | D:5      | Reached XP level 8. HP: 71/71 MP: 7/7
  5769 | D:6      | Found a staircase to the Ecumenical Temple.
  5902 | D:6      | Reached skill level 5 in Stealth
  6146 | D:6      | Noticed Pikel
  6575 | D:5      | Killed Pikel
  6576 | D:5      | Reached XP level 9. HP: 20/81 MP: 8/8
  7446 | Temple   | Entered the Ecumenical Temple
  7598 | Temple   | Became a worshipper of Fedhas Madash
  7598 | Temple   | Reached * piety under Fedhas
  7598 | Temple   | Reached ** piety under Fedhas
  8432 | D:7      | Found a shimmering blue altar of Sif Muna.
  9017 | D:8      | Noticed a troll
  9024 | D:8      | Killed a troll
  9572 | D:8      | Noticed a lindwurm
  9754 | D:8      | Reached XP level 10. HP: 57/91 MP: 9/9
  9934 | D:8      | Noticed Maggie
  9948 | D:8      | HP: 2/91 [wyvern (14)]
 10324 | D:8      | Noticed a two-headed ogre
 10754 | D:8      | Killed a two-headed ogre
 10998 | D:8      | Reached skill level 1 in Invocations
 11027 | D:8      | Killed Maggie
 11329 | D:8      | Noticed a lindwurm
 11531 | D:9      | Found a glowing golden altar of the Shining One.
 11588 | D:9      | Reached skill level 10 in Axes
 11590 | D:9      | Reached skill level 10 in Fighting
 12113 | D:9      | Noticed a two-headed ogre
 12478 | D:9      | Killed a two-headed ogre
 12722 | D:10     | Entered Level 10 of the Dungeon
 12963 | D:10     | Noticed Psyche
 12968 | D:10     | Killed Psyche
 13152 | D:10     | Reached *** piety under Fedhas
 13153 | D:10     | Reached XP level 11. HP: 97/101 MP: 13/13
 13499 | D:10     | Found a bloodstained altar of Trog.
 13518 | D:10     | Identified the +2 spear of the Real Monster {chaos, rPois}
 13889 | D:11     | Noticed a two-headed ogre
 13895 | D:11     | Killed a two-headed ogre
 13896 | D:11     | Reached skill level 5 in Invocations
 13916 | D:11     | Found a staircase to the Orcish Mines.
 13952 | D:11     | HP: 2/101 [orc warrior (12)]
 14725 | D:11     | Slain by a troll

Illustrated notes

Levels and vault maps discovered:
D:1:      dpeg_arrival_round_c, layout_basic
D:2:      layout_loops_ring, basic_altar, minmay_misc_feat_secret_circle
D:3:      layout_loops_ring, uniq_ijyb
D:4:      layout_basic, mainiacjoe_overflow_alcove_1
D:5:      layout_rooms, portal_sewer_entry_d
D:6:      layout_basic, minmay_temple_entry_overgrown, minmay_hedge_maze,
          corexii_item_surrounded_by_moat, hangedman_decor_points, st_stairs_2,
          grunt_decor_one_mirror, chequers_serial_rivers_micro_d, uniq_pikel
D:7:      layout_loops_corners, led_sif_book
D:8:      layout_gridville, minmay_lindwurm_lava, uniq_maggie
D:9:      layout_irregular_city, mainiacjoe_overflow_small_starburst,
          st_stairs_10
D:10:     layout_roguey, tgw_trog, uniq_psyche
D:11:     layout_gridville, lair_entry_dummy, erik_orc_4, uniq_maurice
Temple:   compressed_dpeg_circular_temple

Skill      XL: |  1  2  3  4  5  6  7  8  9 10 11 |
---------------+----------------------------------+-----
Axes           | 4 5 6 8 9 10 | 10.7
Stealth        | 2 3 4 5 6 7 |  7.8
Fighting       | 4 5 6 8 9 10 | 10.6
Dodging        | 4 5 6 7 8 9 |  9.9
Invocations    | 4 5 |  5.2

Action                   |  1- 3 |  4- 6 |  7- 9 | 10-12 || total
-------------------------+-------+-------+-------+-------++-------
Melee: Hand axe          |    96 |   135 |   298 |     4 ||   533
       Headbutt          |     9 |    13 |    73 |    35 ||   130
       Punch             |     2 |     4 |     9 |       ||    15
       Battleaxe         |       |       |       |   150 ||   150
Invok: Wall of Briars    |       |       |       |     3 ||     3
Evoke: Wand              |       |     2 |     6 |     3 ||    11
  Use: Potion            |       |     4 |     1 |     2 ||     7
       Scroll            |       |     2 |       |     1 ||     3
 Stab: Sleeping          |     5 |     1 |     1 |     6 ||    13
       Distracted        |       |       |     1 |       ||     1
Armor: Robe              |     9 |     3 |       |       ||    12
       Leather armour    |       |    20 |    83 |    40 ||   143
       Plate armour      |       |       |       |     4 ||     4
Dodge: Dodged            |    54 |    92 |   208 |   132 ||   486
Block: Buckler           |       |       |     2 |     1 ||     3

Table legend: (Time is in decaauts)
 A = Elapsed time spent in this place.
 B = Non-inter-level travel time spent in this place.
 C = Inter-level travel time spent in this place.
 D = Time resting spent in this place.
 E = Time spent auto-exploring this place.
 F = Levels seen in this place.
 G = Mean time per level.
                   A        B        C        D        E       F      G
               +--------+--------+--------+--------+--------+-----+--------+
         Total |  14739 |  14188 |    551 |   2658 |   9204 |  12 | 1228.2 |
       Dungeon |  14567 |  14037 |    530 |   2658 |   9117 |  11 | 1324.3 |
        Temple |    172 |    152 |     20 |      0 |     87 |   1 |  172.0 |
               +--------+--------+--------+--------+--------+-----+--------+

Top non-repeatable levels by time:
     D:7: 2114 daAuts
     D:8: 1827 daAuts
    D:10: 1511 daAuts
     D:3: 1431 daAuts
     D:5: 1406 daAuts
     D:6: 1400 daAuts
     D:2: 1252 daAuts
     D:4: 1226 daAuts
     D:9: 1139 daAuts
     D:1: 749 daAuts
    D:11: 506 daAuts
  Temple: 172 daAuts
